 Dungeon Crawl Stone Soup version 0.22-a0-346-ga714374 (webtiles) character file.

712 grizmgrazm2 the Cudgeler (level 7, -7/52 HPs)
             Began as a Demonspawn Gladiator on Apr 6, 2018.
             Was a Follower of Yredelemnul.
             Mangled by whitenoisemaker's ghost (15 damage)
             ... on level 5 of the Dungeon.
             The game lasted 00:16:41 (6835 turns).

grizmgrazm2 the Cudgeler (Demonspawn Gladiator)     Turns: 6835, Time: 00:16:42

Health: -7/52      AC:  7    Str: 15    XL:     7   Next: 41%
Magic:  0/10       EV: 11    Int: 10    God:    Yredelemnul [*.....]
Gold:   432        SH:  0    Dex: 15    Spells: 6/6 levels left

rFire    . . .     SeeInvis .   e - +2 flail (drain)
rCold    . . .     Gourm    .   (no shield)
rNeg     . . .     Faith    .   t - +0 scale mail
rPois    .         Spirit   +   (helmet restricted)
rElec    .         Reflect  .   (no cloak)
rCorr    +         Harm     .   i - +0 pair of gloves
MR       .....                  (boots unavailable)
Stlth    ..........             (no amulet)
HPRegen  0.17/turn              m - ring of resist corrosion (curse)
MPRegen  0.12/turn              (no ring)

@: no status effects
A: antennae 2, talons 3, magic shield
a: Animate Remains, Renounce Religion


You were on level 5 of the Dungeon.
You worshipped Yredelemnul.
Yredelemnul was aware of your devotion.
You were not hungry.

You visited 1 branch of the dungeon, and saw 7 of its levels.

You collected 432 gold pieces.

Inventory:

Hand Weapons
 e - a +2 flail of draining (weapon)
Missiles
 d - 3 throwing nets (quivered)
Armour
 i - a +0 pair of gloves (worn)
 t - a +0 scale mail (worn)
Jewellery
 m - a cursed ring of resist corrosion (left hand)
Wands
 l - a wand of random effects (5)
Scrolls
 g - a scroll of blinking
 j - 3 scrolls of remove curse
 o - 2 scrolls of fear
 p - 2 scrolls of identify
 q - a scroll of teleportation
 s - a scroll of magic mapping
Potions
 a - a potion of curing
 c - a potion of lignification
 n - a potion of cancellation
Comestibles
 f - 8 rations


   Skills:
 + Level 3.4 Fighting
 + Level 5.2 Maces & Flails
 + Level 1.9 Throwing
 + Level 2.6 Armour
 + Level 3.7 Dodging
 + Level 0.9 Stealth
 * Level 4.3 Invocations


You had 6 spell levels left.
You didn't know any spells.

Dungeon Overview and Level Annotations

Branches:
Dungeon (7/15)
 Temple: D:4-7

Altars:
Dithmenos
Okawaru
Trog
Yredelemnul

Annotations:
D:5 Grinder; whitenoisemaker's ghost, novice TrMo


Innate Abilities, Weirdness & Mutations

You have a pair of antennae on your head.
You have claws for feet.
When hurt, damage is shared between your health and your magic reserves.


Message History

There is a stone staircase leading down, spattered with blood here.
You hit whitenoisemaker's ghost but do no damage.
You claw whitenoisemaker's ghost.
Whitenoisemaker's ghost is lightly damaged.
Whitenoisemaker's ghost hits you!!
You hit whitenoisemaker's ghost.
Whitenoisemaker's ghost is lightly damaged.
Whitenoisemaker's ghost hits you.
You closely miss whitenoisemaker's ghost.
Your kick misses whitenoisemaker's ghost.
Whitenoisemaker's ghost is lightly damaged.
Whitenoisemaker's ghost hits you but does no damage.
You hit whitenoisemaker's ghost but do no damage.
You claw whitenoisemaker's ghost.
Whitenoisemaker's ghost is lightly damaged.
Whitenoisemaker's ghost hits you!
* * * LOW HITPOINT WARNING * * *
Whitenoisemaker's ghost hits you!
You die...
Your body rises from the dead as a mindless zombie.

###########
#.........#
#.........#
#.........#
#.........#
#.........#
#.......@.#
#.......W.# ###
#.........###.#
#.........##..#
#.........##..#
#####.###.##..#
#...#.##..#
###...##..# #
###..#..#


You could see whitenoisemaker's ghost.

Vanquished Creatures
  A phantom (D:4)
  A centaur (D:5)
  A bullfrog (D:4)
  2 jellies (D:6)
  2 bullfrog skeletons
  A gnoll shaman (D:6)
  3 orc wizards
  An iguana (D:6)
  3 worker ants (D:4)
  3 gnolls (D:6)
  3 adders (D:3)
  A shadow imp (D:6)
  2 oozes
  2 worms
  2 dart slugs
  A leopard gecko (D:3)
  11 orcs
  3 giant cockroaches
  7 goblins
  3 hobgoblins
  6 jackals
  6 kobolds
  A quokka (D:6)
  2 ball pythons
  6 bats
  5 frilled lizards
  A quokka skeleton (D:4)
  5 rats
85 creatures vanquished.

Notes
Turn   | Place    | Note
-------+----------+-------------------------------------------
     0 | D:1      | grizmgrazm2 the Demonspawn Gladiator began the quest for the Orb.
     0 | D:1      | Reached XP level 1. HP: 16/16 MP: 1/1
   180 | D:1      | Gained mutation: You have sharp toenails. [demonic ancestry]
   180 | D:1      | Reached XP level 2. HP: 22/22 MP: 2/2
   237 | D:1      | Reached skill level 3 in Maces & Flails
  1055 | D:2      | Found a basalt altar of Yredelemnul.
  1078 | D:2      | Became a worshipper of Yredelemnul the Dark
  1091 | D:2      | Gained mutation: You have a pair of small antennae on your head. [demonic ancestry]
  1091 | D:2      | Reached XP level 3. HP: 25/27 MP: 3/3
  2300 | D:4      | Reached skill level 1 in Invocations
  2304 | D:4      | Noticed a bullfrog
  2313 | D:4      | Killed a bullfrog
  2313 | D:4      | Reached skill level 1 in Armour
  2313 | D:4      | Gained mutation: You have razor-sharp toenails. [demonic ancestry]
  2313 | D:4      | Reached XP level 4. HP: 17/34 MP: 3/5
  2633 | D:4      | Gained mutation: You have a pair of antennae on your head. [demonic ancestry]
  2633 | D:4      | Reached XP level 5. HP: 23/39 MP: 6/6
  3365 | D:3      | Reached skill level 4 in Maces & Flails
  3609 | D:3      | Found a bloodstained altar of Trog.
  3622 | D:3      | Found an iron altar of Okawaru.
  3745 | D:4      | Found a shadowy altar of Dithmenos.
  3746 | D:4      | Noticed a phantom
  4093 | D:4      | Killed a phantom
  4093 | D:4      | Gained mutation: When hurt, damage is shared between your health and your magic reserves. [demonic ancestry]
  4093 | D:4      | Reached XP level 6. HP: 32/46 MP: 6/8
  4818 | D:5      | Entered Level 5 of the Dungeon
  5068 | D:5      | Noticed Grinder
  5069 | D:5      | Noticed whitenoisemaker's ghost (novice TrMo)
  5163 | D:6      | Gained mutation: You have claws for feet. [demonic ancestry]
  5163 | D:6      | Reached XP level 7. HP: 37/52 MP: 6/9
  5320 | D:6      | Reached * piety under Yredelemnul
  5322 | D:6      | Reached skill level 5 in Maces & Flails
  5696 | D:6      | Found a runed door.
  5696 | D:6      | Noticed a human
  5698 | D:6      | Found a basalt altar of Yredelemnul.
  6835 | D:5      | Mangled by whitenoisemaker's ghost

Vault maps used:
D:1:      giann_bridges, hangedman_decor_slide_cut, grunt_decor_arrowhead,
          patterned_corridor
D:2:      old_standard_altar, kennysheep_nondescript
D:3:      amethyst_overflow_temple_binary
D:4:      nicolae_dithmenos_the_darkroom, serial_forest,
          infiniplex_forest_end_2, infiniplex_forest_lined_2,
          infiniplex_forest_clump_large, infiniplex_forest_lined_corner,
          infiniplex_forest_lined_3, infiniplex_forest_clump_tiny, first_ration,
          serial_bayou_lake_a
D:5:      uniq_grinder
D:6:      serial_glass, glass_columns_b, glass_columns_c, glass_columns_a,
          glass_columns_b, glass_columns_c, glass_columns_b, glass_columns_a,
          glass_columns_a, glass_columns_a, glass_columns_b, glass_columns_a,
          glass_columns_b, glass_columns_a, glass_columns_b,
          dk_yredelemnul_ordeal
D:7:      nicolae_qazlal_style_of_elements, nicolae_tso_besieged_by_evil,
          minmay_temple_entry_purple_smoke, uniq_menkaure, uniq_duvessa

Skill      XL: |  1  2  3  4  5  6  7 |
---------------+----------------------+-----
Maces & Flails | 3 4 5 |  5.2
Dodging        | 3 |  3.7
Invocations    | 1 2 3 4 |  4.3
Armour         | 1 2 |  2.6
Fighting       | 3 |  3.4
Throwing       | |  1.9
Stealth        | |  0.9

Action                   |  1- 3 |  4- 6 |  7- 9 || total
-------------------------+-------+-------+-------++-------
Melee: Flail             |   111 |   129 |    57 ||   297
       Kick              |    11 |       |    18 ||    29
  Use: Scroll            |     7 |     7 |     3 ||    17
       Potion            |     1 |       |       ||     1
 Stab: Sleeping          |     2 |     1 |       ||     3
       Distracted        |       |     1 |       ||     1
  Eat: Chunk             |     4 |     3 |     1 ||     8
       Ration            |       |     2 |     2 ||     4
Armor: Leather armour    |    34 |    37 |     5 ||    76
       Scale mail        |       |       |     4 ||     4
Dodge: Dodged            |    92 |    81 |    25 ||   198

Table legend:
 A = Spawn XP
 B = Non-spawn XP
 C = Spawn XP percentage of total XP
 D = Spawn monster count
 E = Non-spawn monster count
 F = Spawn count percentage of total count
 G = Total turns spent on level
                    A         B        C        D         E        F      G
               +---------+---------+-------+---------+---------+-------+---------
         Total |       0 |    1018 |   0.0 |       0 |      85 |   0.0 |  6835
               +---------+---------+-------+---------+---------+-------+---------
           D:1 |       0 |      40 |   0.0 |       0 |      21 |   0.0 |   983
           D:2 |       0 |      16 |   0.0 |       0 |       7 |   0.0 |   738
           D:3 |       0 |     123 |   0.0 |       0 |      25 |   0.0 |  1535
           D:4 |       0 |     371 |   0.0 |       0 |      11 |   0.0 |  1562
           D:5 |       0 |     117 |   0.0 |       0 |       4 |   0.0 |   331
           D:6 |       0 |     351 |   0.0 |       0 |      17 |   0.0 |  1683
               +---------+---------+-------+---------+---------+-------+---------
